 Dungeon Crawl Stone Soup version 0.28.0-53-g5a82cb258f (webtiles) character file.

Game seed: 1497827579969850264

87 Zeld the Skirmisher (level 4, -1/61 HPs)
             Began as a Minotaur Berserker on May 22, 2022.
             Was a Believer of Trog.
             Slain by a kobold brigand
             ... wielding a +0 dagger
              (4 damage)
             ... in a sewer.
             The game lasted 00:01:31 (2475 turns).

Zeld the Skirmisher (Minotaur Berserker)            Turns: 2475, Time: 00:01:32

Health: -1/61      AC:  2    Str: 24    XL:     4   Next: 28%
Magic:  3/3        EV: 12    Int:  4    God:    Trog [**....]
Gold:   50         SH:  0    Dex:  9    Spells: 3/3 levels left

rFire   . . .      SeeInvis .   a - +0 hand axe
rCold   . . .      Faith    .   (no shield)
rNeg    . . .      Spirit   .   b - +0 animal skin
rPois   .          Reflect  .   (helmet restricted)
rElec   .          Harm     .   (no cloak)
rCorr   .          Rampage  .   (no gloves)
Will    .....                   (no boots)
Stlth   ..........              (no amulet)
HPRegen 0.20/turn               (no ring)
MPRegen 0.08/turn               (no ring)

@: berserking (expiring), quick
A: horns 2, retaliatory headbutt
a: Renounce Religion, Berserk, Trog's Hand


You were in a sewer.
You worshipped Trog.
Trog was pleased with you.
You visited 1 branch of the dungeon, and saw 3 of its levels.
You also visited: Sewer.

You collected 50 gold pieces.

Inventory:

Hand Weapons
 a - a +0 hand axe (weapon)
Armour
 b - a +0 animal skin (worn)
Scrolls
 c - 2 scrolls of identify {unknown}
 d - a scroll of fear {unknown}
 e - a scroll of magic mapping {unknown}
 g - 3 scrolls of summoning {unknown}
 h - a scroll of brand weapon {unknown}
 i - a scroll of fog {unknown}
 j - a scroll of noise {unknown}
Potions
 f - a potion of haste {unknown}


   Skills:
 * Level 4.7 Fighting
 * Level 4.6 Axes
 + Level 3.1 Armour
 + Level 2.8 Dodging


You had 3 spell levels left.
You didn't know any spells.
Your spell library was empty.

Dungeon Overview and Level Annotations

Branches:
Dungeon (3/15)              Sewer (1/1)

Altars:


Innate Abilities, Weirdness & Mutations

You have a pair of horns on your head.
You reflexively headbutt those who attack you in melee.


Message History

Your unstable footing causes you to fumble your attack.
You hit the kobold brigand but do no damage.
The kobold brigand hits you but does no damage.
Your unstable footing causes you to fumble your attack.
The kobold brigand hits you with a +0 dagger!
You closely miss the kobold brigand. The kobold brigand closely misses you.
You closely miss the kobold brigand.
The kobold brigand hits you with a +0 dagger!
You barely miss the kobold brigand.
The kobold brigand hits you with a +0 dagger.
You hit the kobold brigand. You headbutt the kobold brigand!
The kobold brigand is heavily wounded.
The kobold brigand hits you with a +0 dagger. x2
* * * LOW HITPOINT WARNING * * *
A red film seems to cover your vision as you go berserk!
You feel yourself moving faster!
You feel mighty!
The kobold brigand splashes around in the water.
Your unstable footing causes you to fumble your attack.
Unknown command.
Your unstable footing causes you to fumble your attack.
The kobold brigand hits you with a +0 dagger.
* * * LOW HITPOINT WARNING * * *
Unknown command.
You miss the kobold brigand.
The kobold brigand is heavily wounded.
The kobold brigand splashes around in the water.
Your unstable footing causes you to fumble your attack.
Unknown command.
Your unstable footing causes you to fumble your attack.
The kobold brigand hits you with a +0 dagger.
* * * LOW HITPOINT WARNING * * *
Your unstable footing causes you to fumble your attack.
Your unstable footing causes you to fumble your attack.
The kobold brigand hits you with a +0 dagger.
* * * LOW HITPOINT WARNING * * *
Unknown command.
You hit the kobold brigand.
The kobold brigand is severely wounded.
The kobold brigand hits you with a +0 dagger.
You die...

#≈# #≈# #≈# #≈# #≈# #≈#
#≈# #≈# #@# #K#
#########K##
#..≈.≈.≈KK≈#######
#≈≈K≈K≈.≈≈≈≈.≈...#######
#.K≈≈≈≈≈≈≈≈≈≈≈≈≈≈≈≈≈≈≈≈#
..≈≈≈≈≈≈≈≈≈≈≈≈≈≈≈≈≈≈≈≈≈≈≈#
K#≈≈≈≈≈≈≈≈K≈≈≈≈≈≈≈≈≈≈≈≈###
#.≈≈≈≈≈....≈.....######


You could see a kobold brigand and 4 kobolds.

Vanquished Creatures
  2 river rats (Sewer)
  An adder (D:2)
  2 dart slugs
  6 endoplasms
  3 giant cockroaches
  2 goblins
  3 hobgoblins
  5 jackals
  3 quokkas
  5 ball pythons
  6 bats
  A frilled lizard (D:2)
  4 kobolds
  7 rats
50 creatures vanquished.

Vanquished Creatures (others)
  4 toadstools (D:1)
4 creatures vanquished.

Grand Total: 54 creatures vanquished

Notes
Turn   | Place    | Note
-------+----------+-------------------------------------------
     0 | D:1      | Zeld the Minotaur Berserker began the quest for the Orb.
     0 | D:1      | Reached XP level 1. HP: 19/19 MP: 0/0
   297 | D:1      | Reached XP level 2. HP: 25/27 MP: 1/1
   958 | D:1      | Found a faded altar of an unknown god.
  1508 | D:2      | Reached XP level 3. HP: 33/33 MP: 2/2
  1698 | D:2      | Reached ** piety under Trog
  2315 | D:3      | Found a glowing drain.
  2327 | Sewer    | Entered a sewer
  2332 | Sewer    | Reached XP level 4. HP: 34/41 MP: 3/3
  2445 | Sewer    | Noticed a kobold brigand
  2474 | Sewer    | HP: 3/61 [kobold brigand/+0 dagger (5)]
  2475 | Sewer    | Slain by a kobold brigand

Illustrated notes

Levels and vault maps discovered:
D:1:      ldierk_walled_garden_2, layout_basic,
          hellmonk_ecumenical_altar_heavens_door, corexii_corridor_pit,
          minmay_misc_feat_rows
D:2:      layout_basic, hangedman_decor_growths, minmay_increasing_density
D:3:      minmay_angry_zag, layout_rooms, lemuel_doored_altar,
          mainiacjoe_overflow_brackets, cheibrodos_sewer_entry_sluice,
          kennysheep_small_spiral
Sewer:    sewer_kobolds

Skill      XL: |  1  2  3 |
---------------+----------+-----
Fighting       | 4 |  4.7
Axes           | 4 |  4.6
Armour         | 3 |  3.1
Dodging        | |  2.8

Action                   |  1- 3 |  4- 6 || total
-------------------------+-------+-------++-------
Melee: Hand axe          |    95 |    29 ||   124
       Headbutt          |    10 |     2 ||    12
Invok: Berserk           |       |     1 ||     1
 Stab: Sleeping          |     1 |       ||     1
Armor: Animal skin       |    27 |     3 ||    30
Dodge: Dodged            |    77 |    11 ||    88
